 Dungeon Crawl Stone Soup version 0.19.1 (webtiles) character file.

4737 Gargoyl the Cleaver (level 10, -1/86 HPs)
             Began as a Ghoul Abyssal Knight on Dec 16, 2016.
             Was an Elder of Lugonu.
             Slain by an eight-headed hydra (10 damage)
             ... on level 9 of the Dungeon.
             The game lasted 00:22:18 (10813 turns).

Gargoyl the Cleaver (Ghoul Abyssal Knight)         Turns: 10813, Time: 00:22:19

Health: -1/86      AC: 13    Str: 18    XL:     10   Next: 46%
Magic:  3/14       EV:  9    Int:  7    God:    Lugonu [****..]
Gold:   506        SH:  0    Dex: 14    Spells: 0 memorised, 9 levels left

rFire  . . .     SeeInvis .     u - +0 war axe
rCold  + . .     Gourm    .     q - +0 chain mail
rNeg   + + +     Faith    .     (no shield)
rPois  ∞         Spirit   .     (no helmet)
rElec  .         Reflect  .     (no cloak)
rCorr  .         Harm     .     e - +1 pair of gloves
MR     .....                    (no boots)
Stlth  ..........               y - amulet of magic regeneration
                                (no ring)
                                j - +4 ring of dexterity

@: rotting
A: rotting body, claws 1, carnivore 3, cold resistance 1, negative energy
resistance 3, slow regeneration 1, torment resistance, unbreathing
a: Depart the Abyss, Bend Space, Banish, Corrupt, Renounce Religion


You were on level 9 of the Dungeon.
You worshipped Lugonu.
Lugonu was greatly pleased with you.
You were not hungry.

You visited 2 branches of the dungeon, and saw 10 of its levels.
You visited the Abyss 1 time.
You also visited: Ossuary.

You collected 506 gold pieces.

Inventory:

Hand Weapons
 a - a +1 hand axe
 u - a +0 war axe (weapon)
Missiles
 f - 11 javelins (quivered)
Armour
 e - a +1 pair of gloves (worn)
 q - a +0 chain mail (worn)
Jewellery
 j - a +4 ring of dexterity (left hand)
 y - an amulet of magic regeneration (around neck)
Wands
 p - a wand of disintegration (10/24)
 s - a wand of lightning (15/15)
Scrolls
 g - 2 scrolls of teleportation
 h - 10 scrolls of remove curse
 n - 5 scrolls of identify
 v - a scroll of magic mapping
 A - a scroll of blinking {unknown}
 B - a scroll of noise {unknown}
 D - 2 scrolls of amnesia {unknown}
 E - 2 scrolls of enchant weapon {unknown}
 G - a scroll of fog {unknown}
 H - a scroll of recharging
Potions
 b - 6 potions of flight
 d - a potion of mutation {unknown}
 i - 4 potions of haste
 l - a potion of invisibility {unknown}
 o - 5 potions of curing
 t - 2 potions of lignification {unknown}
 x - 2 potions of degeneration
 C - a potion of brilliance
 F - 2 potions of agility {unknown}
Comestibles
 c - 4 meat rations
 k - a royal jelly
 w - a slice of pizza
 z - 2 beef jerkies


   Skills:
 + Level 7.1 Fighting
 + Level 8.2 Axes
 + Level 0.1 Throwing
 * Level 7.8 Armour
 + Level 3.1 Dodging
 * Level 6.8 Invocations
 + Level 0.5 Evocations


You had 9 spell levels left.
You didn't know any spells.

Dungeon Overview and Level Annotations

Branches:
Dungeon (9/15)             Temple (0/1) D:6            Lair (1/6) D:9
    Orc: D:9-12

Altars:
Ashenzari
Dithmenos
Elyvilon
Gozag
Hepliaklqana
Kikubaaqudgha
Nemelex Xobeh
Qazlal

Shops:
D:8 ?


Innate Abilities, Weirdness & Mutations

Your body is rotting away.
You thrive on raw meat.
You are immune to poison.
You have sharp fingernails.
You are carnivorous and can eat meat at any time.
Your flesh is cold resistant. (rC+)
You are immune to negative energy. (rN+++)
You regenerate slowly when monsters are visible.
You are immune to unholy pain and torment.
You can survive without breathing.


Message History

The eight-headed hydra bites you but does no damage.
The eight-headed hydra bites you. x2
The eight-headed hydra bites you but does no damage.
The eight-headed hydra bites you.
* * * LOW HITPOINT WARNING * * *
The eight-headed hydra bites you but does no damage.
The eight-headed hydra bites you.
* * * LOW HITPOINT WARNING * * *
The eight-headed hydra bites you.
* * * LOW HITPOINT WARNING * * *
Press: ? - help, Shift-Dir - straight line, f/p - eight-headed hydra
Aim: an eight-headed hydra (chance to defeat MR: 54%)
The eight-headed hydra resists with significant effort.
You feel somewhat more hungry.
The eight-headed hydra closely misses you.
The eight-headed hydra barely misses you.
The eight-headed hydra bites you!
* * * LOW HITPOINT WARNING * * *
The eight-headed hydra bites you!
You die...

##........P.###.#...#... ##
###.P..PPPP..P....###.#... .#
#####.......P..P...#### #.#...
.###...#...... .#
##P..PP.P.DPP.PPP...###.... .#
##...PPP.P.@PPP.P..#.# ##... .#
#..P.P..PP.PP..PP.P#.# ##.. .#
###.#....PP.PP..PPP....# ### .#
#......PPPPP.P..PPP...##
.###.##..P.PPP.PP.PPP.....##
.....##...P...PP.......#...####
.....##......PPPP.PP.P.#.#....###
....##....P.PPPPPPP......####...#
...###..###PP....PP..#.### ###..


You could see an eight-headed hydra.

Vanquished Creatures
  A deep elf mage (D:7)
  Psyche (D:8)
  The ghost of Zeloya the Slicer, an amateur KoGl (D:4)
  A wraith (Ossuary)
  A wyvern (D:9)
  A yak (D:9)
  2 water moccasins
  An orc warrior (D:5)
  A black bear (D:7)
  2 centaurs
  2 ogres
  2 big kobolds
  7 bullfrogs
  A wyvern skeleton (D:7)
  2 scorpions
  3 killer bees (D:7)
  A howler monkey (D:7)
  5 jellies
  2 bullfrog zombies (D:5)
  3 crimson imps
  A human zombie (Ossuary)
  5 hounds
  2 bullfrog skeletons
  5 orc priests
  Ijyb (D:3)
  Natasha (thrice) (D:4 D:6)
  5 orc wizards
  10 worker ants
  A big kobold zombie (Ossuary)
  3 mummies (Ossuary)
  A howler monkey zombie (D:8)
  A worker ant zombie (D:5)
  5 gnolls
  12 adders
  2 river rats (D:9)
  A shadow imp (D:8)
  3 oozes
  An adder skeleton (D:5)
  4 worms
  2 dart slugs
  4 leopard geckos
  27 orcs
  A ball python (D:4)
  4 giant cockroaches
  3 goblins
  5 hobgoblins
  4 jackals
  4 quokkas
  11 bats
  2 frilled lizards (D:2)
  A gnoll zombie (Ossuary)
  3 goblin zombies (Ossuary)
  2 hobgoblin zombies (Ossuary)
  A jackal skeleton (D:4)
  18 kobolds
  2 kobold zombies (Ossuary)
  A quokka zombie (D:7)
  13 rats
214 creatures vanquished.

Vanquished Creatures (others)
  A slime creature (D:8)
  An orc warrior (D:8)
  An orc wizard (D:8)
  6 fungi (D:9)
9 creatures vanquished.

Grand Total: 223 creatures vanquished

Notes
Turn   | Place    | Note
-------+----------+-------------------------------------------
     0 | Abyss:1  | Gargoyl the Ghoul Abyssal Knight began the quest for the Orb.
     0 | Abyss:1  | Reached XP level 1. HP: 19/19 MP: 1/1
    68 | Abyss:1  | Noticed a wraith
   131 | Abyss:1  | Found a corrupted altar of Lugonu.
   141 | Abyss:1  | Noticed a thrashing horror
   143 | D:1      | Escaped the Abyss
   279 | D:1      | Reached XP level 2. HP: 20/26 MP: 2/2
   284 | D:1      | Reached * piety under Lugonu
   442 | D:1      | Reached skill level 2 in Axes
   552 | D:1      | Reached skill level 1 in Dodging
   552 | D:1      | Reached XP level 3. HP: 33/33 MP: 3/3
  1006 | D:2      | Found a shadowy altar of Dithmenos.
  1091 | D:2      | Reached XP level 4. HP: 31/40 MP: 4/4
  1447 | D:2      | Reached ** piety under Lugonu
  1957 | D:3      | Found an opulent altar of Gozag.
  2031 | D:3      | Reached XP level 5. HP: 36/46 MP: 6/6
  2175 | D:3      | Noticed Ijyb
  2199 | D:3      | Killed Ijyb
  2954 | D:4      | Reached skill level 3 in Axes
  2978 | D:4      | Reached XP level 6. HP: 48/51 MP: 7/7
  3380 | D:3      | Reached skill level 4 in Axes
  3380 | D:3      | Reached XP level 7. HP: 28/60 MP: 8/8
  3492 | D:4      | HP: 1/60 [ogre/giant club (10)]
  3909 | D:4      | Noticed Zeloya's ghost (amateur KoGl)
  4300 | D:4      | Killed Zeloya's ghost
  4348 | D:4      | Noticed Natasha
  4355 | D:4      | Killed Natasha
  4460 | D:4      | Reached XP level 8. HP: 48/67 MP: 10/10
  4561 | D:4      | Found an ancient bone altar of Kikubaaqudgha.
  4561 | D:4      | Found a white marble altar of Elyvilon.
  4837 | D:5      | Entered Level 5 of the Dungeon
  4905 | D:5      | Reached skill level 5 in Axes
  5037 | D:5      | Reached skill level 5 in Armour
  5263 | D:5      | Reached *** piety under Lugonu
  5729 | D:6      | Reached skill level 5 in Fighting
  5965 | D:5      | Reached skill level 5 in Invocations
  6196 | D:6      | Noticed Natasha
  6202 | D:6      | Killed Natasha
  6293 | D:6      | Noticed Natasha
  6308 | D:6      | Killed Natasha
  6456 | D:6      | Found a staircase to the Ecumenical Temple.
  6485 | D:6      | Reached XP level 9. HP: 22/74 MP: 11/11
  6736 | D:6      | Reached skill level 6 in Axes
  7017 | D:7      | Found a sand-covered staircase.
  7022 | Ossuary  | Entered an ossuary
  7959 | D:7      | Found a stormy altar of Qazlal.
  8011 | D:7      | Noticed a deep elf mage
  8016 | D:7      | Noticed a demonic crawler
  8022 | D:7      | Noticed a jumping spider
  8028 | D:7      | Noticed an orange demon
  8903 | D:8      | Found Pegiheam's Magic Scroll Shoppe.
  8930 | D:8      | Noticed Psyche
  8969 | D:8      | Killed Psyche
  8969 | D:8      | Reached **** piety under Lugonu
  8969 | D:8      | Reached skill level 7 in Axes
  9061 | D:8      | Found a sparkling altar of Nemelex Xobeh.
  9146 | D:8      | Found a shattered altar of Ashenzari.
  9405 | D:7      | Noticed a smoke demon
  9410 | D:7      | Killed a deep elf mage
  9410 | D:7      | Reached XP level 10. HP: 68/84 MP: 13/13
  9460 | D:7      | Reached skill level 8 in Axes
  9977 | D:9      | Found a hazy altar of Hepliaklqana.
 10410 | D:9      | Found a staircase to the Lair.
 10795 | Lair:1   | Entered Level 1 of the Lair of Beasts
 10799 | Lair:1   | Noticed a spiny frog
 10799 | Lair:1   | Noticed an eight-headed hydra
 10813 | D:9      | Slain by an eight-headed hydra

Skill      XL: |  1  2  3  4  5  6  7  8  9 10 |
---------------+-------------------------------+-----
Armour         | 2 3 4 6 7 |  7.8
Axes           | 2 3 4 5 7 8 |  8.2
Dodging        | 1 2 3 |  3.1
Invocations    | 3 4 5 6 |  6.8
Fighting       | 4 5 6 7 |  7.1
Throwing       | |  0.1
Evocations     | |  0.5

Action                   |  1- 3 |  4- 6 |  7- 9 | 10-12 || total
-------------------------+-------+-------+-------+-------++-------
Melee: Hand axe          |   102 |   113 |       |       ||   215
       War axe           |       |    73 |   585 |   163 ||   821
Throw: Tomahawk          |       |     2 |       |       ||     2
       Javelin           |       |       |     6 |       ||     6
Invok: Depart the Abyss  |     1 |       |       |       ||     1
       Banish            |       |       |     3 |     3 ||     6
Evoke: Wand              |       |       |     6 |       ||     6
  Use: Scroll            |       |       |    18 |     5 ||    23
       Potion            |       |       |     7 |     1 ||     8
  Eat: Chunk             |    21 |    22 |    57 |    25 ||   125
Armor: Leather armour    |    28 |       |       |       ||    28
       Scale mail        |    62 |   106 |   156 |       ||   324
       Chain mail        |       |       |   242 |   148 ||   390
Dodge: Dodged            |   106 |   126 |   370 |    87 ||   689
